 Dungeon Crawl Stone Soup version 0.31-a0-187-gba352fbbf7 (webtiles) character file.

Game seed: 12291154729185837637

84 qw the Shooter (level 4, 0/25 HPs)
             Began as a Deep Elf Hunter on June 22, 2023.
             Slain by a goblin
             ... wielding a +0 club
              (4 damage)
             ... on level 3 of the Dungeon.
             The game lasted 00:00:38 (1700 turns).

qw the Shooter (Deep Elf Hunter)                    Turns: 1700, Time: 00:00:39

Health: 0/25       AC:  5    Str: 10    XL:     4   Next: 23%
Magic:  6/6        EV: 12    Int: 14    God:
Gold:   97         SH:  0    Dex: 18    Spells: 3/3 levels left

rFire   . . .        n - +0 shortbow (heavy)
rCold   . . .        (shield currently unavailable)
rNeg    . . .        c - +0 leather armour
rPois   .            f - +0 helmet
rElec   .            (no cloak)
rCorr   .            (no gloves)
SInv    .            l - +0 pair of boots
Will    .....        (no amulet)
Stlth   ++           (no ring)
HPRegen 0.24/turn    (no ring)
MPRegen 0.10/turn

%: no passive effects
@: no status effects
A: no striking features
a: no special abilities


You were on level 3 of the Dungeon.
You visited 1 branch of the dungeon, and saw 3 of its levels.

You collected 97 gold pieces.


   Skills:
 - Level 1.5 Fighting
 + Level 7.6 Ranged Weapons
 - Level 2.4 Dodging
 - Level 1.2 Stealth


You had 3 spell levels left.
You didn't know any spells.
Your spell library was empty.

Inventory:

Hand Weapons
 n - a +0 heavy shortbow (weapon)
Armour
 c - a +0 leather armour (worn)
 f - a +0 helmet (worn)
 l - a +0 pair of boots (worn)
Scrolls
 a - a scroll of fog {unknown}
 k - a scroll of identify
Potions
 d - a potion of brilliance {unknown}
 e - a potion of curing {unknown}
 g - a potion of berserk rage {unknown}
 i - a potion of magic {unknown}
 j - a potion of might {unknown}
 o - a potion of lignification {unknown}

Dungeon Overview and Level Annotations

Branches:
Dungeon (3/15)

Altars:
Xom

Annotations:
D:3 Jessica


Message History

The jackal closely misses you. The jackal barely misses you.
The jackal closely misses you. The jackal barely misses you.
A goblin comes into view. It is wielding a +0 club.
You shoot an arrow. The arrow barely misses the jackal.
The goblin shouts!
The jackal barely misses you.
The jackal bites you but does no damage. x2
The jackal barely misses you. x2
You shoot an arrow. The arrow misses the jackal.
The jackal bites you. x2; The jackal completely misses you.
The jackal bites you but does no damage.
You shoot an arrow. The arrow hits the jackal!
You kill the jackal!
The jackal misses you.
The jackal bites you but does no damage.
You shoot an arrow. The arrow barely misses the jackal.
The jackal bites you but does no damage.
The jackal misses you.
Jessica opens the door.
Enter note: You shoot an arrow.
Jessica shouts!
The arrow hits the jackal.
The jackal is almost dead.
The jackal bites you.
The jackal stops to sniff the ground.
The jackal barely misses you. The goblin hits you but does no damage.
The jackal barely misses you.
You shoot an arrow. The arrow closely misses the jackal.
The jackal closely misses you. The goblin misses you.
Jessica casts a spell at you. Pain shoots through your body!
The jackal closely misses you.
You shoot an arrow. The arrow hits the jackal.
You kill the jackal!
Jessica gestures wildly while chanting.
Jessica blinks!
The goblin misses you. Jessica casts a spell at you.
Pain shoots through your body! The goblin closely misses you.
You shoot an arrow. The arrow barely misses the goblin.
The goblin completely misses you. The goblin hits you with a +0 club.
You die...

#.......).##...
###.#######.###.#
#...# #.# #.#
#######.###
#.###.#
#.....#.####
#.%....
#..........#
####...
#..........#
.......
.#.##.......#
........
.'..'ยค@@..[.#
.........
.#.##.g%....#
.........
.....$....#
.........
####.?...#+#
..#...... .......
#)..... ......#..
.......+...
........#....


You could see Jessica and a goblin.

Vanquished Creatures
  2 adders
  2 worms (D:2)
  2 dart slugs
  6 endoplasms
  3 giant cockroaches (D:1)
  5 goblins
  2 hobgoblins (D:1)
  4 jackals (D:3)
  A quokka (D:1)
  4 ball pythons
  8 bats
  A frilled lizard (D:1)
  7 kobolds
  5 rats (D:1)
52 creatures vanquished.

Notes
Turn   | Place    | Note
-------+----------+-------------------------------------------
     0 | D:1      | qw the Deep Elf Hunter began the quest for the Orb.
     0 | D:1      | Reached XP level 1. HP: 12/12 MP: 3/3
     0 | D:1      | 0 ||| qw: Version: 0.3-a-9-g12657ce
     0 | D:1      | 0 ||| qw: Game counter: 2492
     0 | D:1      | 0 ||| qw: Always use a shield: true
     0 | D:1      | 0 ||| qw: God list: Okawaru
     0 | D:1      | 0 ||| qw: Allow faded altars: false
     0 | D:1      | 0 ||| qw: Do Orc after D:15 true
     0 | D:1      | 0 ||| qw: Do second Lair branch before Depths: true
     0 | D:1      | 0 ||| qw: Lair rune preference: random
     0 | D:1      | 0 ||| qw: Plans: Normal
     0 | D:1      | 0 ||| PLANNING D:1-11
   140 | D:1      | Reached XP level 2. HP: 16/16 MP: 4/4
   150 | D:1      | Reached skill level 6 in Ranged Weapons
   661 | D:1      | Reached XP level 3. HP: 20/20 MP: 5/5
   868 | D:1      | 868 ||| READING scroll labelled FEITUN BOSH.
   869 | D:1      | 869 ||| DROPPING scroll of butterflies.
  1058 | D:2      | Found a shimmering altar of Xom.
  1098 | D:2      | Reached skill level 7 in Ranged Weapons
  1420 | D:2      | 1420 ||| UPGRADING to +0 helmet.
  1425 | D:2      | 1425 ||| UPGRADING to +0 pair of boots.
  1430 | D:2      | 1430 ||| READING scroll labelled ZONTIA WUETIDO.
  1431 | D:2      | 1431 ||| READING scroll labelled COEN VITWO.
  1436 | D:2      | 1436 ||| READING scroll labelled PAOTEELIWNE.
  1437 | D:2      | 1437 ||| READING 2 scrolls labelled HAEF LA FIYGG.
  1438 | D:2      | 1438 ||| READING scroll labelled DEUHAEC DAGOMEHEO.
  1439 | D:2      | 1439 ||| READING scroll labelled RILUCZ KAIN.
  1512 | D:3      | Reached XP level 4. HP: 25/25 MP: 6/6
  1562 | D:3      | HP: 6/25 [adder (2)]
  1564 | D:3      | HP: 2/25 [poisoned by an adder]
  1697 | D:3      | Noticed Jessica
  1699 | D:3      | HP: 4/25 [Jessica/nerve-wracking pain (6)]
  1700 | D:3      | Slain by a goblin

Levels and vault maps discovered:
D:1:      sevenhm_arrival_forest_fort_large_4, layout_basic,
          chequers_serial_rivers_marsh, st_stairs_14
D:2:      layout_basic, basic_altar
D:3:      layout_basic, uniq_jessica

Skill      XL: |  1  2  3 |
---------------+----------+-----
Ranged Weapons | 6 7 |  7.6
Fighting       | |  1.5
Dodging        | |  2.4
Stealth        | |  1.2

Action                     |  1- 3 |  4- 6 || total
---------------------------+-------+-------++-------
   Fire: Shortbow          |   116 |    26 ||   142
    Use: Scroll            |     7 |       ||     7
 Armour: Leather armour    |     9 |     9 ||    18
  Dodge: Dodged            |    18 |    29 ||    47

Table legend:
 A = Non-vault XP
 B = Vault XP
 C = Vault XP percentage of total XP
 D = Non-vault monster count
 E = Vault monster count
 F = Vault count percentage of total count
                 A         B        C        D         E       F
            +---------+---------+-------+---------+---------+-------
      Total |     117 |       3 |   2.5 |      50 |       2 |   3.8
            +---------+---------+-------+---------+---------+-------
        D:1 |      41 |       3 |   6.8 |      25 |       2 |   7.4
        D:2 |      48 |       0 |   0.0 |      17 |       0 |   0.0
        D:3 |      28 |       0 |   0.0 |       8 |       0 |   0.0
            +---------+---------+-------+---------+---------+-------
